 Dungeon Sprint DCSS version 0.28.0-43-g3370ac3207 (webtiles) character file.

Game seed: 2486547024124886626

1100000 smarlow the Weightless Champion (level 15, -39/101 HPs)
             Began as a Djinni Transmuter on Mar 3, 2022.
             Was a Believer of Makhleb.
             Annihilated by a meat berserker
             ... wielding a +9 battleaxe
              (45 damage)
             ... in the Dungeon (Sprint VIII: "Arena of Blood").
             The game lasted 00:00:29 (11 turns).

smarlow the Weightless Champion (Djinni Transmuter)   Turns: 11, Time: 00:00:30

Health: -39/101    AC:  2    Str: 15    XL:     15   Next: 14%
Gold:   0          EV: 22    Int: 16    God:    Makhleb [**....] SH:  0 Dex: 14

rFire   + + .      SeeInvis .   g - +∞ Axe of Woe
rCold   x . .      Faith    .   (shield currently unavailable)
rNeg    . . .      Spirit   .   a - +0 robe
rPois   ∞          Reflect  .   (no helmet)
rElec   .          Harm     .   (no cloak)
rCorr   .          Rampage  .   (no gloves)
Will    +....      NoTele   +   (boots unavailable)
Stlth   +.........              (no amulet)
HPRegen 0.26/turn               (no ring)
MPRegen 0.00/turn               (no ring)

@: flying
A: sickness immunity, fire resistance 2, cold vulnerability 1, float, innate
caster, HP casting, extra vitality 1
a: Renounce Religion, Minor Destruction


You were in the Dungeon.
You worshipped Makhleb.
Makhleb was pleased with you.
You visited 1 branch

Inventory:

Hand Weapons
 g - the +∞ Axe of Woe (weapon)
   (You found it in the Dungeon)
Armour
 a - a +0 robe (worn)
Scrolls
 f - a scroll of blinking
Potions
 b - a potion of curing
 c - a potion of heal wounds
 d - a potion of haste
 e - a potion of berserk rage


   Skills:
 + Level 7.4 Fighting
 + Level 10.0 Axes
 + Level 19.7 Dodging
 O Level 27 Unarmed Combat
 + Level 16.0 Spellcasting


You had 12 spell levels left.
You knew the following spells:

 Your Spells              Type           Power      Damage    Failure   Level
a - Beastly Appendage     Tmut           100%       N/A       0%          1
b - Wereblood             Tmut           59%        N/A       0%          2
c - Spider Form           Tmut/Pois      59%        N/A       1%          3
d - Ice Form              Ice/Tmut       59%        N/A       1%          4
e - Shock                 Conj/Air       100%       1d9       0%          1
f - Searing Ray           Conj           100%       2d8       0%          2
g - Teleport Other        Tloc           59%        N/A       1%          3
h - Confusing Touch       Hex            59%        N/A       1%          3
i - Summon Ice Beast      Ice/Summ       59%        N/A       1%          4
j - Silence               Hex/Air        29%        N/A       1%          5
k - Summon Cactus Giant   Summ           29%        N/A       1%          6
Your spell library was empty.

Dungeon Overview and Level Annotations

Branches:
Dungeon (1/1)

Altars:
Makhleb


Innate Abilities, Weirdness & Mutations

You are immune to sickness and miasma.
You are immune to poison.
Your flesh is very heat resistant. (rF++)
You are vulnerable to cold. (rC-)
You float through the air rather than walking.
You learn spells naturally, not from books.
Your magical power is your life essence.
You have superior vitality. (+4 MHP)


Message History

The meat berserker rages.
You hear a shout! x3
A bag of meat comes into view. It is wielding a +9 war axe.
You hear a shout! x3
The bag of meat hits you with a +9 war axe!
You hear a shout! x2
Your Fighting skill increases to level 6!
Your Axes skill increases to level 8!
Your Dodging skill increases to level 18!
Your Spellcasting skill increases to level 15!
The bag of meat shouts!
You slash the bag of meat!
You hew the bag of meat savagely.
You kill the bag of meat!
Makhleb accepts your kill.
You can now harness Makhleb's destructive might.
You hear a shout! x8
The meat berserker rages.
You hear a shout! x6
The bag of meat hits you with a +9 war axe!!
* * * LOW HITPOINT WARNING * * *
You hear a shout! x6
Your Fighting skill increases to level 7!
Your Axes skill gained 2 levels and is now at level 10!
Your Dodging skill increases to level 19!
Your Spellcasting skill increases to level 16!
You have reached level 15!
Your experience leads to an increase in your attributes!
Increase (S)trength, (I)ntelligence, or (D)exterity?
You feel stronger. x2
The power to cast Summon Cactus Giant wells up from within.
Spell assigned to 'k'.
You slash the bag of meat!
You pulverise the bag of meat into a thin bloody mist.
You kill the bag of meat!
Makhleb accepts your kill.
The meat berserker appears out of thin air!
A meat berserker comes into view. It is wielding a +9 battleaxe.
The meat berserker shouts!
You hear a shout! x12
The meat berserker hits you with a +9 battleaxe!!!
You die...

............
...........
...........
...o......
#.......#
#.O.....#
...###.))....###.
.......@###......
#.......O_.......
......#...).#....
O.....#_.<._# .
..... #.....#
#........_.....
........###......
...###... ..###.
#.. ..#


You could see 3 meat berserkers and a bag of meat.

Vanquished Creatures
  2 ogres (D)
  5 orcs (D)
7 creatures vanquished.

Notes
Turn   | Place    | Note
-------+----------+-------------------------------------------
     0 | D        | Found the +∞ Axe of Woe
     0 | D        | smarlow the Djinni Transmuter began the quest for the Orb.
     0 | D        | Reached XP level 1. HP: 17/17 MP: 0/0
     1 | D        | Noticed a meat berserker
     2 | D        | Killed a meat berserker
     2 | D        | Noticed a bag of meat
     2 | D        | Noticed a bag of meat
     2 | D        | Noticed a bag of meat
     3 | D        | Reached skill level 22 in Unarmed Combat
     3 | D        | Reached skill level 10 in Spellcasting
     3 | D        | Reached XP level 2. HP: 27/27 MP: 0/0
     3 | D        | Reached XP level 3. HP: 31/31 MP: 0/0
     3 | D        | Learned a level 1 spell: Shock
     3 | D        | Reached XP level 4. HP: 38/38 MP: 0/0
     3 | D        | Reached XP level 5. HP: 42/42 MP: 0/0
     3 | D        | Learned a level 2 spell: Searing Ray
     3 | D        | Reached XP level 6. HP: 48/48 MP: 0/0
     3 | D        | Reached XP level 7. HP: 53/53 MP: 0/0
     3 | D        | Learned a level 3 spell: Teleport Other
     3 | D        | Reached XP level 8. HP: 58/58 MP: 0/0
     3 | D        | Reached XP level 9. HP: 63/63 MP: 0/0
     3 | D        | Learned a level 3 spell: Confusing Touch
     3 | D        | Reached XP level 10. HP: 69/69 MP: 0/0
     3 | D        | Reached XP level 11. HP: 74/74 MP: 0/0
     3 | D        | Learned a level 4 spell: Summon Ice Beast
     3 | D        | Reached XP level 12. HP: 79/79 MP: 0/0
     4 | D        | Became a worshipper of Makhleb the Destroyer
     5 | D        | Noticed a meat berserker
     6 | D        | Noticed a bag of meat
     6 | D        | Noticed a bag of meat
     7 | D        | Killed a bag of meat
     7 | D        | Killed a meat berserker
     7 | D        | Reached * piety under Makhleb
     8 | D        | Reached skill level 26 in Unarmed Combat
     8 | D        | Reached XP level 13. HP: 85/85 MP: 0/0
     8 | D        | Learned a level 5 spell: Silence
     8 | D        | Reached XP level 14. HP: 90/90 MP: 0/0
     8 | D        | Killed a bag of meat
     8 | D        | Noticed a meat berserker
     8 | D        | Noticed a meat berserker
     9 | D        | Reached skill level 5 in Fighting
     9 | D        | Reached skill level 27 in Unarmed Combat
     9 | D        | Killed a bag of meat
     9 | D        | Noticed a bag of meat
    10 | D        | Reached skill level 15 in Spellcasting
    10 | D        | Killed a bag of meat
    10 | D        | Reached ** piety under Makhleb
    11 | D        | Reached skill level 10 in Axes
    11 | D        | Reached XP level 15. HP: 6/101 MP: 0/0
    11 | D        | Learned a level 6 spell: Summon Cactus Giant
    11 | D        | Noticed a meat berserker
    11 | D        | Annihilated by a meat berserker

Illustrated notes

Levels and vault maps discovered:
D:        meatsprint

Skill      XL: |  1  2  3  4  5  6  7  8  9 10 11 12 13 14 |
---------------+-------------------------------------------+-----
Fighting       | 4 7 |  7.4
Axes           | 4 6 10 | 10.0
Dodging        | 13 16 19 | 19.7
Unarmed Combat | 22 26 27 | 27.0
Spellcasting   | 10 13 16 | 16.0

Action                   |  1- 3 |  4- 6 |  7- 9 | 10-12 | 13-15 || total
-------------------------+-------+-------+-------+-------+-------++-------
Melee: Executioner's axe |     1 |       |       |     1 |     4 ||     6
